 Dungeon Crawl Stone Soup version 0.27-a0-885-g35c287b (webtiles) character file.

Game seed: 10456639657668669346

276 MrTaco21 the Cudgeller (level 6, -3/37 HPs)
             Began as a Gargoyle Fighter on Apr 3, 2021.
             Slain by Dowan
             ... wielding a +0 dagger of flaming
              (4 damage)
             ... on level 4 of the Dungeon.
             The game lasted 00:04:30 (3699 turns).

MrTaco21 the Cudgeller (Gargoyle Fighter)           Turns: 3699, Time: 00:04:31

Health: -3/37      AC: 15    Str: 28    XL:     6   Next: 25%
Magic:  6/6        EV:  2    Int:  8    God:
Gold:   204        SH: 10    Dex:  9    Spells: 5/5 levels left

rFire    . . .     SeeInvis .   a - +0 flail
rCold    . . .     Faith    .   c - +0 kite shield
rNeg     + . .     Spirit   .   n - +0 plate armour
rPois    ∞         Reflect  .   (no helmet)
rElec    +         Harm     .   (no cloak)
rCorr    .         Rampage  .   (no gloves)
Will     .....                  (no boots)
Stlth    ..........             (no amulet)
HPRegen  0.12/turn              h - +6 ring of strength
MPRegen  0.10/turn              (no ring)

@: constricted
A: AC +4, negative energy resistance 1, electricity resistance, torment
resistance 1, unbreathing 1, petrification resistance
a: no special abilities


You were on level 4 of the Dungeon.
You visited 1 branch of the dungeon, and saw 4 of its levels.

You collected 204 gold pieces.

Inventory:

Hand Weapons
 a - a +0 flail (weapon)
Armour
 c - a +0 kite shield (worn)
 n - a +0 plate armour (worn)
   (You found it on level 2 of the Dungeon)
Jewellery
 h - a +6 ring of strength (left hand)
   (You found it on level 1 of the Dungeon)
Scrolls
 e - 2 scrolls of identify {unknown}
 f - a scroll of fog {unknown}
 j - a scroll of brand weapon {unknown}
 m - 2 scrolls of enchant armour {unknown}
 p - a scroll of teleportation {unknown}
 q - a scroll of fear {unknown}
Potions
 b - a potion of brilliance {unknown}
 d - a potion of might
 g - a potion of magic {unknown}
 i - 2 potions of degeneration {unknown}
 k - 4 potions of heal wounds {unknown}
 l - a potion of berserk rage {unknown}
 o - 2 potions of flight {unknown}


   Skills:
 - Level 3.2 Fighting
 + Level 6.4 Maces & Flails
 - Level 3.2 Armour
 - Level 3.2 Shields


You had 5 spell levels left.
You didn't know any spells.
Your spell library contained the following spells:

 Spells                   Type           Power      Damage    Failure   Level
 Beastly Appendage        Tmut           0%         N/A       100%        1
 Wereblood                Tmut           0%         N/A       100%        2
 Spider Form              Tmut/Pois      0%         N/A       100%        3
 Ice Form                 Ice/Tmut       0%         N/A       100%        4
 Hydra Form               Tmut           0%         N/A       100%        5


Dungeon Overview and Level Annotations

Branches:
Dungeon (4/15)
 Temple: D:4-7

Altars:
Kikubaaqudgha
Xom

Shops:
D:1 [(

Annotations:
D:4 Dowan


Innate Abilities, Weirdness & Mutations

Your stone body is resilient. (AC +4)
You are immune to poison.
You resist negative energy. (rN+)
You are resistant to electric shocks. (rElec)
You are resistant to unholy torment.
You can survive without breathing.
You are immune to petrification.


Message History

Unknown command.
Unknown command.
You barely miss Duvessa. You block Duvessa's attack. x2
You hit Duvessa. Duvessa completely misses you.
A ball python comes into view.
You block Duvessa's attack.
Unknown command.
You hit Duvessa.
You are no longer glowing.
Duvessa hits you but does no damage. x2
Unknown command.
Unknown command.
You hit Duvessa but do no damage. Duvessa hits you with a +0 short sword.
* * * LOW HITPOINT WARNING * * *
Duvessa hits you with a +0 short sword.
* * * LOW HITPOINT WARNING * * *
You hit Duvessa. You block Duvessa's attack. Dowan hits you but does no damage.
You block Duvessa's attack.
You thump Duvessa!
You kill Duvessa!
Dowan screams, "No!
No!"
Dowan seems to find hidden reserves of power!
You block Dowan's attack. Dowan barely misses you.
The ball python bites you but does no damage.
You block the ball python's attack.
Your Maces & Flails skill increases to level 6!
You have reached level 6!
Your experience leads to an increase in your attributes!
Your base attributes are Str 21, Int 8, Dex 9.
Increase (S)trength, (I)ntelligence, or (D)exterity?
You feel stronger.
Unknown command.
You sock Dowan!
Dowan points at you and mumbles some strange words.
The stone arrow hits you!
* * * LOW HITPOINT WARNING * * *
You block Dowan's attack.
The ball python bites you but does no damage.
The ball python grabs you.
* * * LOW HITPOINT WARNING * * *
The ball python constricts you.
You closely miss Dowan.
Dowan hits you with a +0 dagger of flaming.
* * * LOW HITPOINT WARNING * * *
Dowan burns you.
* * * LOW HITPOINT WARNING * * *
The ball python bites you but does no damage.
The ball python constricts you.
Dowan hits you with a +0 dagger of flaming.
You die...

#..##..# #....#
##...## ##.....##
. #...#...#...
##..#....#
##.#.....#
#.)##.......
######@e......##
###..#.†.S.......#
#.......###.....##
###.#...........#
# #.............
##.#..........
##.........#
##..##).....
#...##.##...


You could see Dowan (fast) and a ball python.

Vanquished Creatures
  Duvessa (D:4)
  An iguana (D:4)
  3 gnolls
  5 adders
  An ufetubus (D:4)
  A worm (D:2)
  A dart slug (D:4)
  7 orcs
  4 endoplasms
  A giant cockroach (D:2)
  3 goblins
  3 hobgoblins
  10 kobolds
  A quokka (D:4)
  8 ball pythons
  3 bats
  3 frilled lizards
  8 rats
64 creatures vanquished.

Vanquished Creatures (others)
  12 plants
12 creatures vanquished.

Grand Total: 76 creatures vanquished

Notes
Turn   | Place    | Note
-------+----------+-------------------------------------------
     0 | D:1      | MrTaco21 the Gargoyle Fighter began the quest for the Orb.
     0 | D:1      | Reached XP level 1. HP: 14/14 MP: 1/1
   195 | D:1      | Found Ligeg's Antique Armour Boutique.
   528 | D:1      | Reached XP level 2. HP: 19/19 MP: 2/2
   984 | D:1      | Found Qulerul's Antique Weapon Shop.
  1135 | D:2      | Found a faded altar of an unknown god.
  1145 | D:2      | Reached skill level 3 in Maces & Flails
  1148 | D:2      | Found a shimmering altar of Xom.
  1429 | D:1      | Reached XP level 3. HP: 23/23 MP: 3/3
  1756 | D:2      | Reached skill level 4 in Maces & Flails
  1861 | D:2      | Reached XP level 4. HP: 28/28 MP: 4/4
  2760 | D:3      | Found an ancient bone altar of Kikubaaqudgha.
  3103 | D:4      | Reached skill level 5 in Maces & Flails
  3106 | D:4      | Reached XP level 5. HP: 23/32 MP: 5/5
  3667 | D:4      | Noticed Duvessa
  3667 | D:4      | Noticed Dowan
  3697 | D:4      | Killed Duvessa
  3698 | D:4      | Reached skill level 6 in Maces & Flails
  3698 | D:4      | Reached XP level 6. HP: 14/37 MP: 6/6
  3699 | D:4      | HP: 1/37 [Dowan/+0 dagger of flaming (1)]
  3699 | D:4      | Slain by Dowan

Illustrated notes

Levels and vault maps discovered:
D:1:      dpeg_arrival_court, layout_loops_ring, serial_shops, shop, shop
D:2:      layout_basic, ebering_ecumenical_altar_rust, basic_altar,
          lexackson_kobold_supper
D:3:      layout_basic, kiku_gazebo_pond_becter, serial_bayou,
          serial_bayou_pond_e, serial_bayou_lagoon_b, serial_bayou_pond_d,
          serial_bayou_pond_e, kennysheep_doodads
D:4:      layout_cave_pools, gammafunk_temple_overflow_claw, uniq_duvessa

Skill      XL: |  1  2  3  4  5 |
---------------+----------------+-----
Maces & Flails | 3 4 5 6 |  6.4
Fighting       | |  3.2
Armour         | |  3.2
Shields        | |  3.2

Action                   |  1- 3 |  4- 6 || total
-------------------------+-------+-------++-------
Melee: Flail             |    73 |   191 ||   264
Armor: Scale mail        |    38 |     3 ||    41
       Plate armour      |       |   131 ||   131
Dodge: Dodged            |    24 |    28 ||    52
Block: Kite shield       |    42 |   125 ||   167

Table legend: (Time is in decaauts)
 A = Elapsed time spent in this place.
 B = Non-inter-level travel time spent in this place.
 C = Inter-level travel time spent in this place.
 D = Time resting spent in this place.
 E = Time spent auto-exploring this place.
 F = Levels seen in this place.
 G = Mean time per level.
                   A        B        C        D        E       F      G
               +--------+--------+--------+--------+--------+-----+--------+
         Total |   3841 |   3690 |    151 |    634 |   2370 |   4 |  960.2 |
       Dungeon |   3841 |   3690 |    151 |    634 |   2370 |   4 |  960.2 |
               +--------+--------+--------+--------+--------+-----+--------+

Top non-repeatable levels by time:
     D:1: 1425 daAuts
     D:2: 954 daAuts
     D:3: 810 daAuts
     D:4: 651 daAuts
